 Dungeon Crawl Stone Soup version 0.30.1 (webtiles) character file.

Game seed: 427204870958685430

87148 GeoRichter the Reanimator (level 15, 0/119 HPs)
             Began as a Demonspawn Necromancer on July 10, 2023.
             Was a High Priest of Sif Muna.
             Slain by a demonic crawler (11 damage)
             ... on level 2 of the Lair of Beasts.
             The game lasted 01:03:13 (23327 turns).

GeoRichter the Reanimator (Demonspawn Necromancer) Turns: 23327, Time: 01:03:13

Health: 0/119      AC: 15    Str: 10    XL:     15   Next: 42%
Magic:  0/25       EV: 15    Int: 22    God:    Sif Muna [*****.]
Gold:   1328       SH:  4    Dex: 17    Spells: 6/28 levels left

rFire   + . .        a - +8 spear (freeze)
rCold   . . .        k - +0 buckler
rNeg    . . .        M - +3 leather armour of the Gazing Gods {rElec rF+ rCorr}
rPois   +            N - +2 hat
rElec   +            (no cloak)
rCorr   +            y - +2 pair of gloves {Dex+3}
SInv    .            F - +0 pair of boots
Will    ++...        j - amulet of regeneration
Stlth   ++           t - ring of poison resistance
HPRegen 1.19/turn    Q - ring of willpower
MPRegen 0.38/turn

%: guardian spirit
@: about to teleport
A: icy blue scales 2, spiny 2, magic shield, magic regeneration, magic link,
weakness stinger 1
a: Renounce Religion, Channel Magic, Forget Spell, Divine Exegesis


You were on level 2 of the Lair of Beasts.
You worshipped Sif Muna.
Sif Muna was extremely pleased with you.
You visited 6 branches of the dungeon, and saw 25 of its levels.
You also visited: Gauntlet.

You collected 2558 gold pieces.
You spent 1230 gold pieces at shops.

Inventory:

Hand Weapons
 a - a +8 spear of freezing (weapon)
   (You took it off a wight on level 7 of the Dungeon)
 E - the +7 short sword of Foudam {elec, rN++ Will+ Int+3}
   (You found it on level 10 of the Dungeon)

   Int:       It affects your intelligence (+3).
   rN:        It greatly protects you from negative energy.
   Will:      It increases your willpower.
Missiles
 C - a throwing net {!f}
Armour
 k - a +0 buckler (worn)
   (You took it off a tengu conjurer on level 13 of the Dungeon)
 y - a +2 pair of gloves of dexterity (worn)
   (You found it in a Gauntlet)
 F - a +0 pair of boots (worn)
   (You found it on level 9 of the Dungeon)
 M - the +3 leather armour of the Gazing Gods (worn) {rElec rF+ rCorr}
   (You found it in a Gauntlet)

   rF:        It protects you from fire.
   rElec:     It insulates you from electricity.
   rCorr:     It protects you from acid and corrosion.
 N - a +2 hat (worn)
   (You found it on level 3 of the Lair of Beasts)
 P - a +0 kite shield
   (You found it on level 10 of the Dungeon)
Magical Staves
 b - the staff of death "Liog" {rN+ Will+ Int+3 SInv}
   (You acquired it in a Gauntlet)

   [staff of death]

   Base accuracy: +5 Base damage: 5 Base attack delay: 1.2 This weapon's minimum
   attack delay (0.6) is reached at skill level 12.
   Int:       It affects your intelligence (+3).
   rN:        It protects you from negative energy.
   SInv:      It lets you see invisible.
   Will:      It increases your willpower.
   It falls into the 'Staves' category.
   It is a one-handed weapon.
Jewellery
 j - an amulet of regeneration (around neck)
   (You found it on level 2 of the Dungeon)
 t - a ring of poison resistance (left hand)
   (You found it on level 7 of the Dungeon)
 G - a ring of positive energy
   (You found it in a Gauntlet)
 O - a ring of see invisible
   (You found it on level 3 of the Lair of Beasts)
 Q - a ring of willpower (right hand)
   (You found it on level 10 of the Dungeon)
 S - a ring of flight
   (You found it on level 12 of the Dungeon)
 V - an amulet of faith {!P}
   (You found it on level 14 of the Dungeon)
Wands
 s - a wand of polymorph (8)
   (You found it on level 4 of the Lair of Beasts)
 H - a wand of paralysis (12)
   (You found it on level 1 of the Lair of Beasts)
 J - a wand of mindburst (4)
   (You found it on level 2 of the Lair of Beasts)
 T - a wand of flame (8)
   (You found it on level 12 of the Dungeon)
Scrolls
 c - 4 scrolls of fog
 e - 4 scrolls of enchant weapon
 h - 7 scrolls of teleportation {@r4}
 m - 3 scrolls of vulnerability {!r}
 o - 2 scrolls of magic mapping
 r - 3 scrolls of noise {!r}
 u - a scroll of blinking
 v - a scroll of poison
 A - 2 scrolls of enchant armour
 D - a scroll of brand weapon
 R - 5 scrolls of identify {@r1}
Potions
 d - 2 potions of heal wounds {@q2}
 f - 3 potions of attraction {!q}
 g - 4 potions of brilliance
 i - 5 potions of mutation {!q}
 l - 5 potions of might
 n - a potion of cancellation {unknown}
 p - 4 potions of invisibility {unknown}
 q - a potion of magic
 w - 2 potions of lignification {!q}
 x - 4 potions of ambrosia
 z - 7 potions of flight
 B - 4 potions of curing {@q1}
 K - 3 potions of degeneration {unknown}
 L - 2 potions of haste {unknown}
Miscellaneous
 I - a lightning rod (4/4) {!a}
   (You found it on level 1 of the Lair of Beasts)


   Skills:
 - Level 11.6 Fighting
 - Level 8.6 Polearms
 - Level 4.0 Armour
 - Level 8.0 Dodging
 - Level 1.7 Stealth
 - Level 7.2 Spellcasting
 * Level 10.4 Conjurations
 - Level 14.0 Necromancy
 + Level 6.6 Fire Magic
 - Level 9.0 Poison Magic
 - Level 7.8 Invocations
 - Level 3.0 Evocations


You had 6 spell levels left.
You knew the following spells:

 Your Spells              Type           Power      Damage    Failure   Level
a - Fireball              Conj/Fire      22%        3d10      13%         5
b - Vampiric Draining     Necr           62%        2d10      1%          3
c - Animate Dead          Necr           62%        N/A       1%          4
d - Olgreb's Toxic Radia  Pois           47%        N/A       3%          4
e - Death Channel         Necr           31%        N/A       8%          6

Your spell library contained the following spells:

 Spells                   Type           Power      Damage    Failure   Level
 Magic Dart               Conj           100%       1d8       1%          1
 Necrotise                Necr           100%       1d9       1%          1
 Cigotuvi's Dreadful Rot  Necr/Pois/Air  82%        N/A       1%          2
 Sublimation of Blood     Necr           62%        N/A       1%          2
 Dispel Undead            Necr           62%        3d22      1%          4
 Agony                    Necr           62%        N/A       1%          5
 Sting                    Tmut/Pois      100%       1d8       2%          1
 Poisonous Vapours        Pois/Air       54%        N/A       3%          2
 Mephitic Cloud           Conj/Pois/Air  36%        N/A       3%          3
 Iskenderun's Battlesphe  Conj           52%        2d10      6%          5
 Spider Form              Tmut/Pois      27%        N/A       8%          3
 Anguish                  Hex/Necr       19%        N/A       9%          4
 Apportation              Tloc           14%        N/A       16%         1
 Beastly Appendage        Tmut           14%        N/A       16%         1
 Summon Small Mammal      Summ           28%        N/A       16%         1
 Blink                    Tloc           14%        N/A       24%         2
 Call Imp                 Summ           14%        N/A       24%         2
 Wereblood                Tmut           7%         N/A       24%         2
 Vhi's Electric Charge    Tloc/Air       14%        N/A       43%         3
 Arcjolt                  Conj/Air       15%        1d25      45%         5
 Irradiate                Conj/Tmut      15%        3d16      45%         5
 Alistair's Intoxication  Tmut/Pois      18%        N/A       56%         5
 Simulacrum               Ice/Necr       19%        N/A       80%         6
 Manifold Assault         Tloc           7%         N/A       85%         4
 Conjure Ball Lightning   Conj/Air       15%        3x3d6     96%         6
 Summon Forest            Summ/Tloc      3%         N/A       99%         5
 Summon Mana Viper        Hex/Summ       7%         N/A       99%         5
 Plasma Beam              Fire/Air       11%        2x1d24    99%         6
 Summon Cactus Giant      Summ           3%         N/A       100%        6
 Orb of Destruction       Conj           26%        9d9       88%         7
 Borgnjor's Revivificati  Necr           31%        N/A       98%         8
 Haunt                    Necr/Summ      19%        N/A       100%        7
 Storm Form               Tmut/Air       3%         N/A       100%        7
 Summon Hydra             Summ           3%         N/A       100%        7
 Necromutation            Tmut/Necr      19%        N/A       100%        8
 Death's Door             Necr           31%        N/A       100%        9


Dungeon Overview and Level Annotations

Branches:
Dungeon (14/15) Zot: 26205  Temple (1/1) D:6 Zot: 5882    Lair (5/5) D:9 Zot: 25226
 Shoals (2/4) Lair:3 Zot: 10063  Spider (1/4) Lair:2 Zot: 5992   Slime (0/5) Lair:4
    Orc (2/2) D:12 Zot: 9738     Elf (0/3) Orc:2       Gauntlet (visited)
 Vaults: D:13-14

Altars:
Ashenzari
Cheibriados
Dithmenos
Fedhas
Gozag
Hepliaklqana
Kikubaaqudgha
Makhleb
Nemelex Xobeh
Okawaru
Qazlal
Ru
Sif Muna
Trog
Uskayaw
Vehumet
Wu Jian
Xom
Yredelemnul
Jiyva

Shops:
D:5 (   D:7 !   D:11 ?   Orc:2 *[?:

Portals:
Pandemonium: Orc:2

Annotations:
D:4 1 runed translucent door, Graphine's ghost, novice HOFi
D:8 2 transporters, aeroqp's ghost, novice DsWn
D:9 1 runed translucent door, topfpfpflanze's ghost, novice OpCj
D:14 Azrael; Roxanne
Lair:4 1 runed translucent door
Shoals:2 Mlioglotl


Innate Abilities, Weirdness & Mutations

You are mostly covered in icy blue scales. (AC +3)
You are mostly covered in sharp spines.
When hurt, damage is shared between your health and your magic reserves.
You regenerate magic rapidly.
When low on magic, you restore magic in place of health.
You have a small tail.


Message History

The demonic crawler hits you.
You puncture the demonic crawler! You freeze the demonic crawler.
The demonic crawler is moderately wounded.
The demonic crawler is struck by your spines.
The demonic crawler closely misses you. The demonic crawler misses you.
The demonic crawler hits you.
The demonic crawler barely misses you. x2
The demonic crawler hits you!
You puncture the demonic crawler! You freeze the demonic crawler.
You tail-slap the demonic crawler, but do no damage.
The demonic crawler is moderately wounded.
The demonic crawler hits you!
* * * LOW HITPOINT WARNING * * *
The demonic crawler hits you.
* * * LOW HITPOINT WARNING * * *
The demonic crawler hits you!
* * * LOW HITPOINT WARNING * * *
The demonic crawler is struck by your spines.
The demonic crawler hits you.
* * * LOW HITPOINT WARNING * * *
You block the demonic crawler's attack. The demonic crawler misses you.
You puncture the demonic crawler! You freeze the demonic crawler.
You tail-slap the demonic crawler, but do no damage.
The demonic crawler is heavily wounded.
The demonic crawler is struck by your spines.
The demonic crawler hits you!
* * * LOW HITPOINT WARNING * * *
You block the demonic crawler's attack. The demonic crawler misses you.
The demonic crawler hits you but does no damage.
The demonic crawler misses you.
The demonic crawler hits you but does no damage.
You hit the demonic crawler. You freeze the demonic crawler.
The demonic crawler is heavily wounded.
The demonic crawler hits you.
* * * LOW HITPOINT WARNING * * *
The demonic crawler misses you. x2
The demonic crawler is struck by your spines.
The demonic crawler barely misses you. The demonic crawler hits you!
* * * LOW HITPOINT WARNING * * *
You block the demonic crawler's attack.
As you read the scroll of teleportation {@r4}, it crumbles to dust.
You feel strangely unstable. The demonic crawler hits you.
* * * LOW HITPOINT WARNING * * *
The demonic crawler barely misses you. x2; The demonic crawler hits you.
* * * LOW HITPOINT WARNING * * *
The demonic crawler hits you!
* * * LOW HITPOINT WARNING * * *
The demonic crawler misses you.
The demonic crawler is struck by your spines.
The demonic crawler hits you!
You die...

## #.## #..####.## #.. #######
#..###.## ##. ......# #...#### #.
.###..## ###...# ### ###.
.###P..####P#...# #.######.#.
###....##.#....## #..Z.......
.....#.........### #.###.#####
.##.....#.#.#...P#### #.# ### #
................@s..###.#
...#..###.##.#...s....#.#
.###..##.####....>......#
.####.P### #....#.##...#######
..##...#### #...#####.#.#^#...###
.#..P..##.####..## #..........#.
.................# #.#...##.##..
......#.#..#.#...####...#.#..##.#
...####.#...#..........##...^...#


You could see 2 demonic crawlers.

Vanquished Creatures
  A reaper (Gauntlet)
  A minotaur (Gauntlet)
  Snorg (Orc:2)
  A merfolk impaler (Shoals:1)
  Josephine (Shoals:1)
  2 hydras (Lair:4)
  2 boulder beetles
  A centaur warrior (D:13)
  6 two-headed ogres
  A satyr (Shoals:2)
  6 orc high priests (Orc:2)
  3 skysharks
  Amaemon (Lair:3)
  An orb spider (Lair:2)
  6 orc knights
  3 harpies (Shoals:1)
  8 orc sorcerers
  3 deep elf pyromancers (D:12)
  Pikel (D:4)
  9 ugly things (D:14)
  A faun (Shoals:2)
  A cyclops (D:13)
  6 manticores
  A moth of wrath (Gauntlet)
  2 water nymphs (Shoals:2)
  2 merfolk sirens (Shoals:1)
  A black mamba (Lair:3)
  A demonic crawler (Lair:2)
  2 rust devils (Orc:2)
  4 elephants (Lair:3)
  2 gargoyles
  2 cane toads
  2 unseen horrors
  An orange demon (Lair:3)
  A komodo dragon (Lair:1)
  2 tengu conjurers
  7 merfolk
  3 meliai (D:14)
  4 wind drakes
  6 trolls
  2 polar bears
  2 hornets (Gauntlet)
  10 blink frogs
  3 snapping turtles
  4 slime creatures
  2 shadows
  5 dream sheep
  A water elemental (D:12)
  2 humans (D:14)
  7 wraiths
  3 wyverns
  A fire elemental (D:14)
  15 yaks
  A basilisk (Lair:1)
  Eustachio (D:6)
  3 redbacks (Gauntlet)
  13 vampire mosquitoes
  A chaos spawn (Orc:2)
  Edmund (D:4)
  An acid dragon (D:8)
  2 swamp worms (Gauntlet)
  14 water moccasins
  Duvessa (D:5)
  3 hell hounds (D:14)
  29 orc warriors
  5 black bears
  A sky beast (D:7)
  An ice beast (D:7)
  4 ogres
  2 vampire mosquito zombies (D:12)
  2 wolves (Lair:2)
  8 centaurs
  3 kobold brigands
  4 bullfrogs
  Blork the orc (D:5)
  3 gnoll sergeants
  6 scorpions
  7 wights
  5 killer bees (D:10)
  2 electric eels
  A troll skeleton (D:13)
  4 howler monkeys
  5 spriggan skeletons (D:13)
  2 jellies (D:4)
  8 hounds
  20 orc priests
  An iguana (D:6)
  A scorpion zombie (D:3)
  2 sleepcaps
  23 orc wizards
  7 hell rats (Lair:2)
  An acid dragon zombie (D:12)
  A hound zombie (D:3)
  5 adders
  13 gnolls
  4 shadow imps
  An adder zombie (D:3)
  3 orc zombies (D:12)
  5 dart slugs
  88 orcs
  6 bats
  7 endoplasms
  3 giant cockroaches
  8 goblins
  8 hobgoblins
  8 jackals
  5 quokkas
  6 ball pythons
  3 frilled lizards
  A jackal zombie (D:3)
  12 kobolds
  3 rats
555 creatures vanquished.

Vanquished Creatures (collateral kills)
  Frances (D:14)
  A merfolk impaler (Shoals:1)
  Erolcha (Orc:2)
  A hydra (Lair:3)
  A vault guard (D:14)
  An ogre mage (D:14)
  A merfolk aquamancer (Shoals:1)
  A deep elf knight (D:14)
  A skyshark (Shoals:1)
  2 sea snakes
  An orc knight (Orc:1)
  4 harpies (Shoals:1)
  6 ugly things (D:14)
  3 manticores
  2 fauns
  A cyclops (D:13)
  A merfolk siren (Lair:3)
  A cane toad (Lair:3)
  An orange demon (Orc:2)
  A gargoyle (D:13)
  A komodo dragon (D:13)
  A merfolk (Shoals:2)
  3 hornets (Gauntlet)
  A snapping turtle (Shoals:2)
  3 blink frogs (Lair:4)
  4 dream sheep
  A slime creature (D:12)
  4 water elementals (Shoals:1)
  3 yaks (Lair:3)
  2 fire elementals (D:14)
  A neqoxec (Orc:2)
  2 vampire mosquitoes
  2 acid dragons
  2 water moccasins
  A hell hound (D:14)
  6 orc warriors
  A black bear (D:9)
  A meliai simulacrum (D:14)
  3 ogres
  A wolf (Lair:2)
  A centaur (D:13)
  A bullfrog (Lair:1)
  A gnoll sergeant (D:9)
  A wight (D:7)
  Dowan (D:5)
  A howler monkey (D:14)
  A spriggan skeleton (D:13)
  4 orc priests (Orc:2)
  3 orc wizards
  6 gnolls
  An adder (D:2)
  A dart slug (D:1)
  6 orcs
  A goblin (D:2)
  A frilled lizard (D:2)
  4 rats
  3 butterflies (Lair:4)
112 creatures vanquished.

Vanquished Creatures (others)
  A faun (Shoals:2)
  7 ugly thing zombies (D:14)
  3 redback zombies (Gauntlet)
  A human zombie (D:14)
  2 swamp worm zombies (Gauntlet)
  A moth of wrath zombie (Gauntlet)
  A satyr zombie (Shoals:2)
  A black mamba zombie (Lair:3)
  2 faun zombies (Shoals:2)
  A merfolk zombie (Shoals:1)
  A two-headed ogre zombie (D:11)
  2 cane toad zombies
  A snapping turtle zombie (Shoals:1)
  A manticore zombie (Shoals:1)
  2 blink frog zombies (Lair:4)
  2 elephant zombies (Lair:3)
  3 dream sheep zombies (Lair:4)
  4 hornet zombies (Gauntlet)
  4 vampire mosquito zombies (D:13)
  A water moccasin zombie (D:9)
  4 yak zombies (Lair:3)
  2 black bear zombies
  2 killer bee zombies (D:10)
  A kobold zombie (D:9)
  An ogre zombie (Orc:2)
  A hound zombie (D:6)
  53 orc zombies
  5 gnoll zombies (D:10)
  2 starspawn tentacles (Shoals:2)
112 creatures vanquished.

Grand Total: 779 creatures vanquished

Notes
Turn   | Place    | Note
-------+----------+-------------------------------------------
     0 | D:1      | GeoRichter the Demonspawn Necromancer began the quest for
                  | the Orb.
     0 | D:1      | Reached XP level 1. HP: 13/13 MP: 3/3
   250 | D:1      | Gained mutation: You are partially covered in sharp spines.
                  | [demonic ancestry]
   250 | D:1      | Reached XP level 2. HP: 19/19 MP: 3/5
   439 | D:1      | Reached skill level 5 in Necromancy
   879 | D:1      | Gained mutation: You are partially covered in icy blue
                  | scales. (AC +2) [demonic ancestry]
   879 | D:1      | Reached XP level 3. HP: 24/24 MP: 3/6
  1253 | D:2      | Identified the +0 ring mail of Buraesot {Int+2}
  1259 | D:2      | Learned a level 3 spell: Vampiric Draining
  1289 | D:2      | Reached skill level 6 in Necromancy
  1515 | D:2      | Reached XP level 4. HP: 30/30 MP: 3/7
  1989 | D:3      | Reached skill level 7 in Necromancy
  1989 | D:3      | Reached XP level 5. HP: 30/35 MP: 8/8
  2074 | D:3      | Found a basalt altar of Yredelemnul.
  2822 | D:3      | Learned a level 4 spell: Animate Dead
  3018 | D:4      | Reached skill level 8 in Necromancy
  3018 | D:4      | Gained mutation: You are mostly covered in sharp spines.
                  | [demonic ancestry]
  3018 | D:4      | Reached XP level 6. HP: 41/41 MP: 0/9
  3225 | D:4      | Noticed Edmund
  3250 | D:4      | Killed Edmund
  3251 | D:4      | Reached skill level 9 in Necromancy
  3253 | D:4      | Gained mutation: You have a small tail. [demonic ancestry]
  3253 | D:4      | Reached XP level 7. HP: 30/46 MP: 0/10
  3493 | D:4      | Noticed Pikel
  3503 | D:4      | Killed Pikel
  3504 | D:4      | Reached skill level 10 in Necromancy
  3504 | D:4      | Reached skill level 1 in Fighting
  3742 | D:4      | Found a runed translucent door.
  3986 | D:4      | Noticed Graphine's ghost (novice HOFi)
  4039 | D:4      | Gained mutation: You regenerate magic rapidly. [demonic
                  | ancestry]
  4039 | D:4      | Reached XP level 8. HP: 37/56 MP: 6/11
  4054 | D:4      | Reached skill level 1 in Armour
  4664 | D:5      | Entered Level 5 of the Dungeon
  4708 | D:5      | Noticed Blork the orc
  4714 | D:5      | Killed Blork the orc
  4814 | D:5      | Noticed Dowan
  4816 | D:5      | Noticed Duvessa
  4832 | D:5      | Killed Duvessa
  4842 | D:5      | Killed Dowan
  5111 | D:5      | Found Vapn's Antique Weapon Boutique.
  5298 | D:6      | Reached skill level 5 in Fighting
  5485 | D:6      | Reached XP level 9. HP: 66/69 MP: 2/12
  5577 | D:6      | Noticed Eustachio
  5586 | D:6      | Killed Eustachio
  5764 | D:6      | Found a staircase to the Ecumenical Temple.
  5779 | Temple   | Entered the Ecumenical Temple
  5886 | Temple   | Became a worshipper of Sif Muna the Loreminder
  5990 | D:6      | Reached skill level 1 in Invocations
  6047 | D:6      | Found a hide-covered altar of Uskayaw.
  6388 | D:7      | Found Qeakle's Distillery.
  6413 | D:7      | Reached skill level 1 in Polearms
  6418 | D:7      | Bought a potion of heal wounds for 70 gold pieces
  6418 | D:7      | Bought a potion of heal wounds for 70 gold pieces
  6418 | D:7      | Bought a potion of might for 56 gold pieces
  7128 | D:8      | Noticed a queen bee
  7279 | D:8      | Reached * piety under Sif Muna
  7478 | D:8      | Noticed aeroqp's ghost (novice DsWn)
  7481 | D:8      | Found a transporter.
  7486 | D:8      | Found a transporter.
  7826 | D:9      | Reached XP level 10. HP: 79/82 MP: 15/15
  7902 | D:9      | Found a staircase to the Lair.
  8248 | D:9      | Reached ** piety under Sif Muna
  8307 | D:9      | Noticed a two-headed ogre
  8333 | D:9      | Killed a two-headed ogre
  8334 | D:9      | Reached skill level 5 in Polearms
  8727 | D:9      | Found a runed translucent door.
  8727 | D:9      | Noticed topfpfpflanze's ghost (novice OpCj)
  8922 | Lair:1   | Entered Level 1 of the Lair of Beasts
  8993 | Lair:1   | Reached skill level 5 in Spellcasting
  9159 | Lair:1   | Noticed a cane toad
  9171 | Lair:1   | Killed a cane toad
  9371 | Lair:1   | Reached XP level 11. HP: 80/89 MP: 8/19
  9841 | Lair:2   | Found a burning altar of Makhleb.
 10197 | Lair:2   | Found a hole to the Spider Nest.
 10197 | Lair:2   | Noticed an orb spider
 10398 | Lair:2   | Reached skill level 10 in Fighting
 10756 | Lair:3   | Noticed a boulder beetle
 10786 | Lair:3   | Noticed Amaemon
 10793 | Lair:3   | Reached skill level 1 in Poison Magic
 10794 | Lair:3   | Killed Amaemon
 10866 | Lair:3   | Killed a boulder beetle
 10929 | Lair:3   | Learned a level 4 spell: Olgreb's Toxic Radiance
 10967 | Lair:3   | Reached skill level 5 in Poison Magic
 10980 | Lair:3   | Reached *** piety under Sif Muna
 11336 | Lair:3   | Gained mutation: When hurt, damage is shared between your
                  | health and your magic reserves. [demonic ancestry]
 11336 | Lair:3   | Reached XP level 12. HP: 35/97 MP: 7/21
 11420 | Lair:3   | Noticed a six-headed hydra
 11436 | Lair:3   | Killed a six-headed hydra
 11634 | Lair:3   | Found a staircase to the Shoals.
 12553 | Lair:4   | Learned a level 6 spell: Death Channel
 12601 | Lair:4   | Noticed a four-headed hydra
 12612 | Lair:4   | Killed a four-headed hydra
 12735 | Lair:4   | Noticed a seven-headed hydra
 12748 | Lair:4   | Killed a seven-headed hydra
 13040 | Lair:4   | Found a runed translucent door.
 13040 | Lair:4   | Found a viscous altar of Jiyva.
 13045 | Lair:4   | Found a staircase to the Slime Pits.
 13291 | Lair:5   | Entered Level 5 of the Lair of Beasts
 13291 | Lair:5   | Noticed a four-headed hydra
 13380 | D:10     | Entered Level 10 of the Dungeon
 13500 | D:10     | Reached **** piety under Sif Muna
 13672 | D:10     | Identified the +7 short sword of Foudam {elec, rN++ Will+
                  | Int+3}
 14641 | D:11     | Found Emafrisi's Magic Scroll Emporium.
 14683 | D:11     | Noticed a two-headed ogre
 14694 | D:11     | Killed a two-headed ogre
 14695 | D:11     | Reached skill level 11 in Necromancy
 14699 | D:11     | Noticed a two-headed ogre
 14707 | D:11     | Killed a two-headed ogre
 14751 | D:11     | Found a gate leading to a gauntlet.
 14762 | Gauntlet | Entered a Gauntlet
 14762 | Gauntlet | Found a transporter.
 14778 | Gauntlet | Found a transporter.
 14778 | Gauntlet | Found a transporter.
 14779 | Gauntlet | Found a transporter.
 14790 | Gauntlet | Found a transporter.
 14790 | Gauntlet | Found a transporter.
 14791 | Gauntlet | Found a transporter.
 14800 | Gauntlet | Found a transporter.
 14803 | Gauntlet | Found a transporter.
 14804 | Gauntlet | Found a transporter.
 14808 | Gauntlet | Found a runed translucent door.
 14809 | Gauntlet | Noticed a reaper
 14810 | Gauntlet | Found a runed translucent door.
 14812 | Gauntlet | Found a transporter.
 14815 | Gauntlet | Found a transporter.
 14816 | Gauntlet | Found a transporter.
 14820 | Gauntlet | Found a runed translucent door.
 14822 | Gauntlet | Found a runed translucent door.
 14824 | Gauntlet | Found a transporter.
 14960 | Gauntlet | Identified a scroll of acquirement
 14960 | Gauntlet | Acquired the staff of death "Liog" {rN+ Will+ Int+3 SInv}
 15127 | Gauntlet | Killed a reaper
 15128 | Gauntlet | Reached XP level 13. HP: 106/106 MP: 23/23
 15210 | Gauntlet | Noticed a minotaur
 15229 | Gauntlet | Killed a minotaur
 15239 | Gauntlet | Identified the +3 leather armour of the Gazing Gods {rElec
                  | rF+ rCorr}
 15685 | D:11     | Reached skill level 5 in Dodging
 15685 | D:11     | Reached skill level 12 in Necromancy
 16656 | D:12     | Reached ***** piety under Sif Muna
 16681 | D:12     | Received a gift from Sif Muna
 16710 | D:12     | Reached skill level 13 in Necromancy
 16783 | D:12     | Found a staircase to the Orcish Mines.
 16797 | Orc:1    | Entered Level 1 of the Orcish Mines
 17213 | Orc:2    | Entered Level 2 of the Orcish Mines
 17314 | Orc:2    | Found a staircase to the Elven Halls.
 17352 | Orc:2    | Noticed Erolcha
 17359 | Orc:2    | Killed Erolcha
 17783 | Orc:2    | Received a gift from Sif Muna
 17784 | Orc:2    | Got Sif Muna's Catalogue of Planar Evolution {god gift}
 17855 | Orc:2    | Found Doamur's Magic Scroll Shop.
 17859 | Orc:2    | Found Eniuvuasei's General Store.
 18061 | Orc:2    | Reached skill level 14 in Necromancy
 18115 | Orc:2    | Bought a scroll of enchant armour for 112 gold pieces
 18115 | Orc:2    | Bought a scroll of blinking for 112 gold pieces
 18189 | Orc:2    | Noticed Snorg
 18207 | Orc:2    | Killed Snorg
 18435 | Orc:2    | Reached skill level 5 in Invocations
 18442 | Orc:2    | Gained mutation: When low on magic, you restore magic in
                  | place of health. [demonic ancestry]
 18442 | Orc:2    | Reached XP level 14. HP: 69/113 MP: 5/24
 18707 | Orc:2    | Found Ulameg's Antique Armour Emporium.
 18707 | Orc:2    | Found Hotuclae's Book Shoppe.
 18710 | Orc:2    | Found a one-way gate leading to the halls of Pandemonium.
 18824 | Orc:1    | Found Minlotem's General Store.
 19244 | Orc:2    | Bought a book of the Spheres for 810 gold pieces
 19250 | Orc:2    | Learned a level 5 spell: Fireball
 19554 | D:13     | Reached skill level 1 in Conjurations
 19644 | D:13     | Reached skill level 1 in Fire Magic
 19654 | D:13     | Identified the +2 great sword of Lusuy {flame, Dex+3}
 20441 | D:14     | Noticed Frances
 20453 | D:14     | Killed Frances
 20454 | D:14     | Reached skill level 5 in Conjurations
 20543 | D:14     | Identified the +0 scale mail of Boiling Hail {-Tele rPois
                  | rN+}
 20623 | D:14     | Received a gift from Sif Muna
 20624 | D:14     | Got Lepsog's Octavo of Sinister Magic {god gift}
 20771 | D:14     | Identified Roxanne's Atlas of Vicissitude
 20771 | D:14     | Noticed Roxanne
 20911 | D:14     | Noticed Azrael
 20926 | D:14     | Your ally Frances died
 21214 | Shoals:1 | Entered Level 1 of the Shoals
 21347 | Shoals:1 | Reached skill level 5 in Fire Magic
 21419 | Shoals:1 | Gained mutation: You are mostly covered in icy blue scales.
                  | (AC +3) [demonic ancestry]
 21419 | Shoals:1 | Reached XP level 15. HP: 40/119 MP: 12/25
 21854 | Shoals:1 | Noticed Josephine
 21876 | Shoals:1 | Killed Josephine
 21937 | Shoals:1 | You fall into a shaft and drop 1 floor!
 22289 | Shoals:2 | Reached skill level 10 in Conjurations
 22732 | Shoals:2 | Noticed Mlioglotl
 22746 | Shoals:2 | Noticed a tentacled starspawn
 22746 | Shoals:2 | Noticed a tentacled starspawn
 23164 | Spider:1 | Entered Level 1 of the Spider Nest
 23327 | Lair:2   | Slain by a demonic crawler

Illustrated notes

Levels and vault maps discovered:
D:1:      lightli_arrival_statuegarden, layout_basic, minivault_26,
          due_unseen_surprise
D:2:      layout_rooms
D:3:      layout_loops_cross, nicolae_yredelemnul_corpse_copse
D:4:      layout_layer_cave, ebering_ghost_reflecting_pool, st_stairs_7,
          grunt_ministairs_6, uniq_edmund, uniq_pikel
D:5:      layout_basic, serial_shops, shop, uniq_duvessa, uniq_blork_the_orc
D:6:      layout_rooms, gammafunk_temple_overflow_statue,
          minmay_temple_entry_grid, uniq_eustachio
D:7:      layout_loops_cross, serial_shops, shop, kennysheep_diamond,
          hangedman_decor_push, minivault_25
D:8:      nicolae_hitomezashi [nicolae_hito_row, nicolae_hito_row,
          nicolae_hito_row, nicolae_hito_row, nicolae_hito_row,
          nicolae_hito_row, nicolae_hito_row, nicolae_hito_row,
          nicolae_hito_row, nicolae_hito_row, nicolae_hito_row,
          nicolae_hito_row, nicolae_hito_row, nicolae_hito_row,
          nicolae_hito_row, nicolae_hito_row, nicolae_hito_row,
          nicolae_hito_row], layout_loops_ring, gammafunk_ghost_hive
D:9:      layout_loops_corners, due_lair_maze_entry_diamond,
          gammafunk_ghost_grave
D:10:     layout_stronghold
D:11:     layout_stronghold, serial_shops, shop, gauntlet_entry_generic
D:12:     layout_basic, erik_orc_2, minmay_misc_feat_secret_circle,
          chequers_serial_rivers_small_b
D:13:     layout_gridville, hangedman_decor_clover_reticule,
          hangedman_tell_no_tales
D:14:     layout_irregular_city, grunt_vaults_entry_fortified,
          kennysheep_cluttered_room, uniq_frances, uniq_azrael, uniq_roxanne
Temple:   hellmonk_temple_of_storms
Lair:1:   layout_hall_layers
Lair:2:   layout_loops_ring, nicolae_spider_entry_orb_guardian, basic_altar,
          st_stairs_11
Lair:3:   layout_layer_cave, elwin_shoals_entry_rooms, uniq_amaemon
Lair:4:   layout_regular_city, slime_entry_2, minivault_24, lemuel_fruit_fields
Lair:5:   minmay_lair_end_frog_pond, layout_concentric_octagons,
          infiniplex_staircase_pool_2
Shoals:1: layout_shoals, uniq_josephine
Shoals:2: layout_shoals, uniq_mlioglotl
Spider:1: layout_spider_delve, hangedman_spider_tarantella_strand
Orc:1:    layout_caves, serial_shops, shop
Orc:2:    pf_orc_diabolical, layout_diamond_mine, uniq_snorg, uniq_erolcha

Skill      XL: |  1  2  3  4  5  6  7  8  9 10 11 12 13 14 15 |
---------------+----------------------------------------------+-----
Necromancy     | 5 6 7 8 9 10 11 14 | 14.0
Fighting       | 2 6 8 9 10 11 | 11.6
Evocations     | 3 |  3.0
Armour         | 4 |  4.0
Invocations    | 3 5 7 |  7.8
Polearms       | 3 6 7 8 |  8.6
Spellcasting   | 3 5 6 7 |  7.2
Poison Magic   | 8 9 |  9.0
Dodging        | 3 8 |  8.0
Conjurations   | 8 10 | 10.4
Fire Magic     | 5 6 |  6.6
Stealth        | |  1.7

Action                     |  1- 3 |  4- 6 |  7- 9 | 10-12 | 13-15 || total
---------------------------+-------+-------+-------+-------+-------++-------
  Melee: Unarmed           |     6 |       |       |       |       ||     6
         Dagger            |     2 |    67 |       |       |       ||    69
         Punch             |       |     2 |       |     3 |     8 ||    13
         Flail             |       |       |    65 |       |       ||    65
         Tailslap          |       |       |    17 |    41 |    99 ||   157
         Spear             |       |       |    71 |   318 |   268 ||   657
         Staff             |       |       |       |     3 |   271 ||   274
  Throw: Throwing net      |       |       |       |       |     1 ||     1
   Cast: Necrotise         |    60 |    76 |   107 |    28 |       ||   271
         Vampiric Draining |       |     3 |    36 |    70 |     7 ||   116
         Animate Dead      |       |       |     8 |    20 |    21 ||    49
         Olgreb's Toxic Ra |       |       |       |    30 |   135 ||   165
         Death Channel     |       |       |       |       |    22 ||    22
         Fireball          |       |       |       |       |    54 ||    54
  Evoke: Wand              |       |       |     3 |     9 |    12 ||    24
         Lightning rod     |       |       |       |     6 |     6 ||    12
    Use: Scroll            |       |     3 |     3 |    16 |    12 ||    34
         Potion            |       |     3 |       |     3 |    13 ||    19
   Stab: Distracted        |     1 |       |     2 |     3 |     8 ||    14
         Paralysed         |       |       |       |     4 |       ||     4
         Sleeping          |       |       |       |       |     3 ||     3
 Armour: Robe              |     6 |    17 |       |       |       ||    23
         Ring mail         |       |       |   102 |   130 |    12 ||   244
         Leather armour    |       |       |       |       |   178 ||   178
  Dodge: Dodged            |     9 |    52 |    99 |   143 |   376 ||   679
  Block: Buckler           |       |       |       |       |    48 ||    48
